[ AOE2 MATCH · #489470838 ]
1v1 RMAztecs vs Bohemians
Player's team · WIN
[ REPLAY ANALYSIS · EXTRACTED FROM THE RECORDED GAME ]
Feudal
9:16
Castle
13:07
Imperial
—
| APM avg | 37.1 |
| APM peak | 76 |
| eAPM avg | 16.1 |
| Villagers / military | 97 / 98 |
Focus
⚔️ 35.6% · 🌾 64.4%
Eagle Scout ×86 · Monk ×6 · Battering Ram ×3 · Mangonel ×2 · Militia ×1
Feudal
9:21
Castle
23:00
Imperial
—
| APM avg | 48.9 |
| APM peak | 103 |
| eAPM avg | 22.5 |
| Villagers / military | 126 / 138 |
Focus
⚔️ 27.6% · 🌾 72.4%
Archer ×104 · Militia ×25 · Monk ×9
Match map
Initial resources + every placement click. Lines = walls · curves = elevation contours. ◆ gold · ⬟ stone · ● berries · ✦ relic · ◌ wall gap
Your base· Open — 4t gap
LGN.Chelito_SM's base· Open — 1t gap
Smoothed initial terrain · ◌ = detected wall gap · hover for details
Inputs per minute
— DS_Gitano Urbano - - LGN.Chelito_SM
Build order — DS_Gitano Urbano
First 150 of 243 actions detected
| 0:01 | Create | Villager (Male) ×4 |
| 0:02 | Build | House |
| 0:04 | Build | House |
| 1:31 | Create | Villager (Male) |
| 1:31 | Create | Villager (Male) |
| 1:44 | Build | Lumber Camp |
| 1:58 | Create | Villager (Male) |
| 1:58 | Create | Villager (Male) |
| 2:23 | Create | Villager (Male) |
| 2:44 | Create | Villager (Male) |
| 2:45 | Create | Villager (Male) |
| 3:10 | Create | Villager (Male) |
| 3:31 | Build | House |
| 3:41 | Create | Villager (Male) |
| 3:41 | Create | Villager (Male) |
| 3:42 | Create | Villager (Male) |
| 4:06 | Create | Villager (Male) |
| 4:06 | Create | Villager (Male) |
| 4:13 | Build | House |
| 5:00 | Create | Villager (Male) |
| 5:02 | Build | Mill |
| 5:07 | Create | Villager (Male) |
| 5:47 | Create | Villager (Male) |
| 6:14 | Create | Villager (Male) |
| 6:40 | Create | Villager (Male) |
| 6:55 | Research | Feudal Age |
| 8:00 | Create | Villager (Male) |
| 9:16 | Age | Feudal Age |
| 9:19 | Build | Market |
| 9:21 | Build | Blacksmith |
| 9:25 | Research | Loom |
| 10:27 | Research | Castle Age |
| 11:16 | Build | House |
| 11:29 | Build | Barracks |
| 11:39 | Build | House |
| 12:15 | Build | Mining Camp |
| 12:28 | Create | Villager (Male) |
| 12:33 | Create | Eagle Scout |
| 12:41 | Research | Double-Bit Axe |
| 12:57 | Create | Villager (Male) |
| 13:07 | Age | Castle Age |
| 13:35 | Build | Siege Workshop |
| 13:41 | Create | Villager (Male) |
| 13:45 | Create | Eagle Scout |
| 13:49 | Create | Eagle Scout |
| 14:08 | Research | Horse Collar |
| 14:28 | Create | Villager (Male) |
| 15:22 | Create | Mangonel |
| 15:25 | Create | Villager (Male) |
| 15:29 | Build | Farm |
| 15:48 | Create | Villager (Male) |
| 15:59 | Build | Farm |
| 16:22 | Create | Villager (Male) |
| 16:32 | Create | Mangonel |
| 16:39 | Create | Villager (Male) |
| 17:07 | Create | Villager (Male) |
| 17:25 | Build | Farm |
| 17:33 | Create | Villager (Male) |
| 17:37 | Build | House |
| 18:00 | Create | Eagle Scout |
| 18:00 | Create | Eagle Scout |
| 18:09 | Create | Villager (Male) |
| 18:25 | Build | Farm |
| 18:33 | Create | Villager (Male) |
| 18:41 | Build | Farm |
| 19:24 | Build | Blacksmith |
| 19:28 | Create | Villager (Male) |
| 19:50 | Create | Villager (Male) |
| 19:58 | Build | House |
| 20:20 | Create | Eagle Scout |
| 20:20 | Create | Eagle Scout |
| 20:27 | Build | Monastery |
| 20:41 | Create | Villager (Male) |
| 20:47 | Build | House |
| 21:00 | Build | Farm |
| 21:14 | Create | Villager (Male) |
| 21:29 | Create | Villager (Male) |
| 22:02 | Create | Villager (Male) |
| 22:03 | Create | Monk |
| 22:18 | Create | Villager (Male) |
| 22:50 | Build | House |
| 22:52 | Create | Villager (Male) |
| 23:03 | Create | Eagle Scout |
| 23:14 | Research | Sanctity |
| 23:15 | Create | Villager (Male) |
| 23:29 | Build | Farm |
| 23:29 | Build | Farm |
| 23:29 | Build | Farm |
| 23:30 | Build | Farm |
| 23:30 | Build | Farm |
| 23:38 | Build | Town Center |
| 23:47 | Research | Town Watch |
| 23:56 | Create | Monk |
| 24:08 | Create | Villager (Male) |
| 24:39 | Create | Villager (Male) |
| 24:47 | Create | Villager (Male) |
| 25:03 | Create | Villager (Male) |
| 25:23 | Research | Scale Mail Armor |
| 25:43 | Build | House |
| 25:52 | Research | Redemption |
| 25:55 | Create | Villager (Male) |
| 26:48 | Research | Wheelbarrow |
| 27:00 | Create | Monk |
| 27:22 | Create | Monk |
| 27:24 | Create | Villager (Male) |
| 27:46 | Create | Eagle Scout |
| 27:47 | Build | Barracks |
| 27:48 | Create | Villager (Male) |
| 27:52 | Create | Villager (Male) |
| 28:04 | Create | Villager (Male) |
| 28:05 | Create | Villager (Male) |
| 28:16 | Create | Monk |
| 28:32 | Research | Eagle Warrior (upgrade) |
| 28:36 | Create | Villager (Male) |
| 28:37 | Create | Villager (Male) |
| 28:56 | Create | Villager (Male) |
| 28:56 | Create | Villager (Male) |
| 29:11 | Create | Villager (Male) |
| 29:27 | Build | House |
| 29:38 | Create | Villager (Male) |
| 29:51 | Create | Villager (Male) |
| 29:52 | Create | Villager (Male) |
| 29:53 | Create | Villager (Male) |
| 30:04 | Build | House |
| 30:04 | Build | House |
| 30:04 | Build | House |
| 30:05 | Build | House |
| 30:06 | Create | Villager (Male) |
| 30:17 | Create | Villager (Male) |
| 30:31 | Build | Town Center |
| 30:32 | Build | Farm |
| 30:32 | Build | Farm |
| 30:32 | Build | Farm |
| 30:33 | Build | Farm |
| 30:34 | Build | Farm |
| 30:35 | Build | Farm |
| 30:36 | Build | Farm |
| 30:36 | Build | Farm |
| 30:37 | Build | Farm |
| 30:38 | Build | Farm |
| 30:38 | Build | Farm |
| 30:39 | Build | Farm |
| 30:40 | Build | Farm |
| 30:41 | Build | Farm |
| 30:42 | Build | Farm |
| 30:45 | Research | Heavy Plow |
| 30:52 | Create | Villager (Male) |
| 31:07 | Create | Eagle Scout |
| 31:18 | Build | Siege Workshop |
| 31:26 | Research | Squires |
Build order — LGN.Chelito_SM
First 150 of 284 actions detected
| 0:02 | Create | Villager (Male) ×4 |
| 0:02 | Create | Villager (Male) ×4 |
| 0:06 | Build | House |
| 0:07 | Build | House |
| 1:35 | Create | Villager (Male) |
| 1:36 | Create | Villager (Male) |
| 2:03 | Create | Villager (Male) |
| 2:03 | Create | Villager (Male) |
| 2:21 | Create | Villager (Male) |
| 2:21 | Create | Villager (Male) |
| 2:29 | Build | Lumber Camp |
| 2:45 | Create | Villager (Male) |
| 2:45 | Create | Villager (Male) |
| 3:12 | Create | Villager (Male) |
| 3:12 | Create | Villager (Male) |
| 3:48 | Build | House |
| 3:51 | Create | Villager (Male) |
| 3:51 | Create | Villager (Male) |
| 3:51 | Create | Villager (Male) |
| 4:15 | Create | Villager (Male) |
| 4:16 | Create | Villager (Male) |
| 4:16 | Create | Villager (Male) |
| 4:16 | Create | Villager (Male) |
| 4:26 | Create | Villager (Male) |
| 4:26 | Create | Villager (Male) |
| 4:34 | Build | Palisade Gate |
| 4:59 | Build | Palisade Wall |
| 5:23 | Create | Villager (Male) |
| 5:34 | Create | Villager (Male) |
| 6:11 | Build | Mining Camp |
| 6:26 | Research | Loom |
| 7:03 | Research | Feudal Age |
| 7:03 | Research | Feudal Age |
| 7:36 | Create | Villager (Male) |
| 7:36 | Create | Villager (Male) |
| 7:59 | Build | Mill |
| 8:17 | Build | House |
| 8:25 | Create | Villager (Male) |
| 8:26 | Create | Villager (Male) |
| 9:21 | Age | Feudal Age |
| 9:23 | Build | Watch Tower |
| 9:31 | Research | Double-Bit Axe |
| 9:47 | Create | Villager (Male) |
| 10:02 | Build | Watch Tower |
| 10:19 | Create | Villager (Male) |
| 10:23 | Build | House |
| 10:36 | Create | Villager (Male) |
| 11:06 | Research | Horse Collar |
| 11:07 | Create | Villager (Male) |
| 11:07 | Create | Villager (Male) |
| 11:16 | Create | Villager (Male) |
| 11:31 | Build | Watch Tower |
| 11:39 | Build | Farm |
| 11:53 | Build | House |
| 11:55 | Create | Villager (Male) |
| 11:55 | Create | Villager (Male) |
| 12:21 | Build | Farm |
| 12:22 | Create | Villager (Male) |
| 12:36 | Build | Farm |
| 12:37 | Create | Villager (Male) |
| 12:37 | Create | Villager (Male) |
| 12:49 | Create | Villager (Male) |
| 13:33 | Build | Blacksmith |
| 13:38 | Create | Villager (Male) |
| 13:53 | Research | Town Watch |
| 13:59 | Build | Farm |
| 14:10 | Build | Watch Tower |
| 14:14 | Build | Farm |
| 14:16 | Research | Fletching |
| 14:33 | Create | Villager (Male) |
| 14:37 | Build | Mining Camp |
| 15:01 | Create | Villager (Male) |
| 15:01 | Create | Villager (Male) |
| 15:27 | Create | Villager (Male) |
| 15:27 | Create | Villager (Male) |
| 15:30 | Create | Villager (Male) |
| 15:42 | Create | Villager (Male) |
| 15:45 | Build | Farm |
| 15:45 | Build | Farm |
| 15:46 | Build | Farm |
| 15:46 | Build | Farm |
| 15:46 | Build | Farm |
| 15:57 | Build | House |
| 16:19 | Build | House |
| 16:42 | Create | Villager (Male) |
| 17:12 | Create | Villager (Male) |
| 17:16 | Build | House |
| 17:31 | Create | Villager (Male) |
| 17:36 | Build | Farm |
| 17:40 | Build | Market |
| 17:43 | Create | Villager (Male) |
| 18:06 | Create | Villager (Male) |
| 18:06 | Create | Villager (Male) |
| 18:40 | Create | Villager (Male) |
| 18:53 | Build | Watch Tower |
| 19:05 | Research | Wheelbarrow |
| 19:40 | Build | Watch Tower |
| 19:42 | Build | Watch Tower |
| 20:10 | Create | Villager (Male) |
| 20:20 | Research | Castle Age |
| 20:57 | Build | Barracks |
| 21:01 | Research | Scale Mail Armor |
| 21:06 | Build | Lumber Camp |
| 21:09 | Create | Villager (Male) |
| 21:10 | Create | Villager (Male) |
| 21:49 | Build | Watch Tower |
| 22:12 | Build | Watch Tower |
| 22:59 | Build | Barracks |
| 23:00 | Age | Castle Age |
| 23:02 | Research | Bodkin Arrow |
| 23:04 | Research | Bow Saw |
| 23:09 | Build | House |
| 23:11 | Create | Villager (Male) |
| 23:11 | Create | Villager (Male) |
| 23:35 | Build | House |
| 23:56 | Research | Man-at-Arms (upgrade) |
| 24:03 | Build | Monastery |
| 24:09 | Build | House |
| 24:12 | Create | Villager (Male) |
| 24:12 | Create | Villager (Male) |
| 24:26 | Research | Heavy Plow |
| 24:42 | Build | Mining Camp |
| 24:42 | Create | Villager (Male) |
| 24:43 | Create | Villager (Male) |
| 24:55 | Create | Monk |
| 25:03 | Build | House |
| 25:13 | Create | Villager (Male) |
| 25:13 | Create | Villager (Male) |
| 25:35 | Create | Militia |
| 25:35 | Create | Militia |
| 25:41 | Build | Farm |
| 25:45 | Build | Farm |
| 25:46 | Build | Farm |
| 25:53 | Create | Militia ×3 |
| 25:53 | Create | Militia ×3 |
| 25:53 | Create | Militia ×3 |
| 26:33 | Create | Villager (Male) |
| 26:33 | Create | Villager (Male) |
| 26:34 | Create | Villager (Male) |
| 26:48 | Create | Monk |
| 26:50 | Build | House |
| 27:01 | Create | Villager (Male) |
| 27:05 | Create | Militia ×2 |
| 27:05 | Create | Militia ×2 |
| 27:25 | Create | Militia |
| 27:40 | Create | Villager (Male) |
| 27:43 | Build | Monastery |
| 27:57 | Create | Monk |
| 28:06 | Create | Villager (Male) |
| 28:06 | Create | Villager (Male) |
Match timeline
| 4:59 | LGN.Chelito_SM · wall_segment Palisade Wall x7 |
| 9:16 | DS_Gitano Urbano · age_up feudal |
| 9:21 | LGN.Chelito_SM · age_up feudal |
| 10:18 | DS_Gitano Urbano · first_market_sell 100 stone |
| 11:29 | DS_Gitano Urbano · first_building Barracks |
| 13:07 | DS_Gitano Urbano · age_up castle |
| 13:35 | DS_Gitano Urbano · first_building Siege Workshop |
| 16:55 | DS_Gitano Urbano · first_market_buy 100 wood |
| 20:13 | LGN.Chelito_SM · first_market_sell 100 wood |
| 20:27 | DS_Gitano Urbano · first_building Monastery |
| 20:57 | LGN.Chelito_SM · first_building Barracks |
| 23:00 | LGN.Chelito_SM · age_up castle |
| 24:03 | LGN.Chelito_SM · first_building Monastery |
| 30:00 | LGN.Chelito_SM · first_building Archery Range |
| 35:44 | LGN.Chelito_SM · first_building Siege Workshop |
| 40:37 | LGN.Chelito_SM · resign |
[ AI ANALYSIS · 1 CREDIT ]
What really happened in this match?
Wolo.gg analyzes every decision: build order, eco, micro, common mistakes by bracket. Personalized analysis on WhatsApp or Discord in 30 seconds.
Civ guide
Aztecs
Map guide
Glade
Perfil
DS_Gitano Urbano